 Dungeon Crawl Stone Soup version 0.30-a0-424-g7412bad402 (webtiles) character file.

Game seed: 4928021735914689811

130901 jt the Impassioned (level 16, -3/120 HPs)
             Began as a Demonspawn Delver on Dec 9, 2022.
             Was a Follower of Uskayaw.
             Slain by a spatial maelstrom (11 damage)
             ... on level 3 of the Abyss on Dec 10, 2022.
             The game lasted 01:32:15 (29656 turns).

jt the Impassioned (Demonspawn Delver)             Turns: 29656, Time: 01:32:15

Health: -3/120     AC: 25    Str: 20      XL:     16   Next: 54%
Magic:  25/25      EV:  8    Int:  6 (8)  God:    Uskayaw [*.....]
Gold:   643        SH: 20    Dex: 15      Spells: 15/15 levels left

rFire   + . .      SeeInvis .    e - +3 broad axe (flame)
rCold   + . .      Faith    .    R - +2 kite shield
rNeg    + + .      Spirit   .    l - +2 chain mail {rF+}
rPois   .          Reflect  +    (helmet unavailable)
rElec   +          Harm     .    W - scarf {rC+ rF+}
rCorr   .          Rampage  .    v - +2 pair of gloves
Will    ++...      Rage     3%   D - +1 pair of boots "Hoff" {rElec rF- rN++}
Stlth   ..........               B - amulet of reflection
HPRegen 0.40/turn                V - +4 ring of protection
MPRegen 0.19/turn                y - ring of willpower

@: studying Invocations
A: horns 3, yellow scales 2, foul stench 2, demonic magic 1, low MP 1, [berserk
1], [deterioration 1], [dopey 2]
a: Renounce Religion, Stomp


You were on level 3 of the Abyss.
You worshipped Uskayaw.
Uskayaw was most pleased with you.
You visited 6 branches of the dungeon, and saw 25 of its levels.
You visited the Abyss 1 time.
You also visited: Sewer and Volcano.

You collected 2220 gold pieces.
You spent 1577 gold pieces at shops.

Inventory:

Hand Weapons
 e - a +3 broad axe of flaming (weapon)
 K - a +1 sling of freezing
 S - a +4 spear of pain
Missiles
 u - 2 silver javelins
 N - 9 atropa-tipped darts
 X - 2 throwing nets
 Z - 12 poisoned darts (quivered)
Armour
 k - quicksilver dragon scales
 l - a +2 chain mail of fire resistance (worn)
 v - a +2 pair of gloves (worn)
 x - a +3 troll leather armour {Snorg}
 D - the +1 pair of boots "Hoff" (worn) {rElec rF- rN++}
   (You acquired it on level 8 of the Dungeon)

   rF:        It makes you vulnerable to fire.
   rElec:     It insulates you from electricity.
   rN:        It greatly protects you from negative energy.
 M - a +2 cloak
 O - the +1 robe "Egorgh" {rPois Will+ rCorr Str-2}
   (You found it on level 5 of the Dungeon)

   Str:       It affects your strength (-2).
   rPois:     It protects you from poison.
   rCorr:     It protects you from acid and corrosion.
   Will:      It increases your willpower.
 R - a +2 kite shield (worn)
 W - a scarf of resistance (worn)
Jewellery
 a - a ring of see invisible
 j - a ring of protection from fire
 y - a ring of willpower (right hand)
 B - an amulet of reflection (around neck)
 V - a +4 ring of protection (left hand)
Wands
 g - a wand of digging (10)
 n - a wand of polymorph (1)
 E - a wand of paralysis (5)
 J - a wand of flame (1)
Scrolls
 b - 2 scrolls of fear
 c - 6 scrolls of fog
 d - a scroll of magic mapping
 h - 3 scrolls of vulnerability
 t - 4 scrolls of enchant armour
 w - 4 scrolls of identify
 Q - a scroll of teleportation
 Y - 3 scrolls of poison
Potions
 o - a potion of resistance
 p - 2 potions of might
 s - 3 potions of brilliance
 A - 2 potions of lignification
 C - 7 potions of mutation
 F - 2 potions of cancellation
 H - 4 potions of ambrosia
 I - 2 potions of flight
 L - a potion of curing
 U - 3 potions of magic
Miscellaneous
 f - a box of beasts (inert)
 i - a phantom mirror (inert)
 m - a piece from Xom's chessboard (15/15)
 P - a phial of floods
 T - a condenser vane


   Skills:
 - Level 9.4 Fighting
 + Level 15.3 Axes
 - Level 2.0 Throwing
 + Level 8.0 Armour
 - Level 3.9 Dodging
 - Level 4.5 Stealth
 + Level 14.2 Shields
 + Level 17.4 Invocations
 - Level 7.9 Evocations


You had 15 spell levels left.
You didn't know any spells.
Your spell library contained the following spells:

 Spells                   Type           Power      Damage    Failure   Level
 Sandblast                Erth           0%         2d4       100%        1
 Summon Small Mammal      Summ           0%         N/A       100%        1
 Ensorcelled Hibernation  Hex/Ice        0%         N/A       100%        2
 Passwall                 Tmut/Erth      0%         N/A       100%        2
 Call Canine Familiar     Summ           0%         N/A       100%        3
 Inner Flame              Hex/Fire       0%         N/A       100%        3
 Spider Form              Tmut/Pois      0%         N/A       100%        3
 Stone Arrow              Conj/Erth      0%         3d7       100%        3
 Summon Guardian Golem    Hex/Summ       0%         N/A       100%        3
 Anguish                  Hex/Necr       0%         N/A       100%        4
 Flame Wave               Conj/Fire      0%         2d4       100%        4
 Olgreb's Toxic Radiance  Pois           0%         N/A       100%        4
 Sticky Flame             Conj/Fire      0%         2d3       100%        4
 Orb of Destruction       Conj           0%         9d5       100%        7
 Ozocubu's Refrigeration  Ice            0%         4d7       100%        7
 Spellforged Servitor     Conj/Summ      0%         N/A       100%        7
 Ignition                 Fire           0%         3d3       100%        8


Dungeon Overview and Level Annotations

Branches:
Dungeon (15/15)            Temple (1/1) D:5            Lair (5/5) D:9
 Shoals (1/4) Lair:3       Spider (1/4) Lair:2        Slime (0/5) Lair:4
    Orc (2/2) D:9             Elf (0/3) Orc:2        Vaults (0/5) D:14
  Sewer (visited)         Volcano (visited)
 Depths: D:15

Altars:
Cheibriados
Fedhas
Kikubaaqudgha
Makhleb
Qazlal
Trog
Uskayaw
Vehumet

Shops:
D:8 ?   Orc:2 [:?!*

Annotations:
Lair:4 Rupert


Innate Abilities, Weirdness & Mutations

You have a pair of large horns on your head.
You are mostly covered in yellow scales. (AC +3)
You sometimes emit foul miasma when damaged in melee.
Spells you cast may paralyse adjacent enemies.
Your magical capacity is low. (-10% MP)
[You sometimes lose your temper in combat.]
[Your body sometimes deteriorates upon taking damage.]
[You are very dopey. (Int -4)]


Message History

A spatial vortex comes into view.
Found an opulent altar of Gozag.
A spatial vortex and a thrashing horror come into view.
The thrashing horror roars! x2
The spatial maelstrom hits you but does no damage.
The spatial maelstrom closely misses you.
You block the thrashing horror's attack.
The thrashing horror tramples you but does no damage. 2 spatial vortices come into view.
The spatial maelstrom attacks as you move away!
You block the spatial maelstrom's attack. x2
The thrashing horror tramples you but does no damage.
The thrashing horror closely misses you.
You block the spatial maelstrom's attack. x2
A spatial vortex comes into view.
You slash the thrashing horror! You burn the thrashing horror.
You headbutt the thrashing horror!
The thrashing horror is heavily damaged.
You hit the spatial maelstrom.
You block the thrashing horror's attack.
The thrashing horror tramples you.
You stumble backwards!
A spatial vortex comes into view.
You block the thrashing horror's attack. x3
The thrashing horror tramples you but does no damage.
The spatial maelstrom hits you!
* * * LOW HITPOINT WARNING * * *
Space warps around you.
* * * LOW HITPOINT WARNING * * *
You emit a cloud of foul miasma!
The spatial maelstrom hits you but does no damage.
The spatial maelstrom attacks as you move away!
The spatial maelstrom hits you but does no damage.
The spatial maelstrom hits you.
* * * LOW HITPOINT WARNING * * *
Space warps horribly around you!
* * * LOW HITPOINT WARNING * * *
The thrashing horror tramples you but does no damage.
You block the thrashing horror's attack. x3
The spatial maelstrom hits you!
You die...

.#. .. .. . .
#.. ####.#..#
#..#....#
#.v...# ##@# .
##Xv#..# ##
#.§X.#
#..##.v### .#
#.....###
..#..#....##
#...##.v#..#
.###.#.#v..###
#...... ## #


You could see a spatial maelstrom, 3 spatial vortices and 2 thrashing horrors.

Vanquished Creatures
  A profane servitor (Abyss:3)
  A quicksilver dragon (Abyss:3)
  3 tentacled starspawn (Abyss:2)
  An orc warlord (Orc:1)
  A red draconian (Volcano)
  Snorg (Lair:5)
  An ettin (D:15)
  An eidolon (Abyss:2)
  A fire dragon (D:14)
  4 vault guards (D:14)
  4 hydras
  A rakshasa (Abyss:3)
  2 catoblepae
  3 ogre magi (Orc:2)
  Erolcha (Orc:2)
  2 centaur warriors (D:13)
  2 boulder beetles
  2 two-headed ogres
  A thrashing horror (Abyss:2)
  Nergalle (Orc:2)
  4 wretched stars
  A soul eater (Abyss:2)
  2 deep trolls (D:15)
  A salamander mystic (Volcano)
  A sea snake (Shoals:1)
  13 skeletal warriors
  A death drake (Abyss:3)
  3 wizards
  3 orc knights
  2 wolf spiders (Lair:5)
  2 ugly things
  3 salamanders (Volcano)
  A faun (Shoals:1)
  8 orc sorcerers
  2 cyclopes
  6 elephants (Lair:3)
  4 manticores
  A merfolk siren (Lair:3)
  2 worldbinders
  Joseph (D:7)
  A guardian serpent (Lair:5)
  A smoke demon (Abyss:2)
  10 black mambas
  3 gargoyles
  2 apocalypse crabs
  19 cane toads
  2 unseen horrors
  An efreet (Abyss:2)
  6 rime drakes
  3 kobold demonologists
  2 ice devils
  11 komodo dragons
  A yaktaur (D:14)
  2 ancient zymes
  A tyrant leech (D:10)
  7 trolls
  A freezing wraith (Abyss:3)
  A meliai (Lair:2)
  5 large abominations
  2 hornets (Lair:5)
  A polar bear (Lair:4)
  7 blink frogs
  4 raiju (Abyss:3)
  A snapping turtle (Shoals:1)
  Sigmund (D:6)
  A culicivora (Lair:2)
  2 ynoxinuls (Abyss:3)
  11 wyverns
  36 yaks
  A vampire (D:11)
  3 shadows
  7 fire bats (Volcano)
  A golden eye (Abyss:3)
  12 vampire mosquitoes
  4 basilisks
  3 neqoxecs
  2 steam dragons
  A warg (Orc:2)
  A redback (Lair:5)
  3 chaos spawn
  34 water moccasins
  2 swamp worms (D:10)
  4 acid dragons
  A hell hound (Abyss:3)
  2 ice beasts
  A swamp drake (Lair:5)
  8 orc warriors
  2 ettin simulacra (Abyss:2)
  12 ogres
  7 black bears
  9 centaurs
  A phantom (D:9)
  18 wolves
  2 kobold brigands (D:13)
  A gnoll sergeant (D:7)
  8 bullfrogs
  3 scorpions
  7 small abominations
  2 troll zombies (D:9)
  9 killer bees
  4 howler monkeys
  2 jellies
  7 lava snakes (Volcano)
  7 orc priests
  4 hounds
  4 iguanas
  15 hell rats
  26 orc wizards
  4 ogre zombies (D:9)
  A mummy (D:14)
  18 gnolls
  13 adders
  12 river rats (Lair:1)
  4 white imps
  An ufetubus (D:7)
  2 worms
  11 dart slugs
  51 orcs
  13 ball pythons
  7 endoplasms
  13 giant cockroaches
  14 goblins
  8 hobgoblins
  2 jackals (D:5)
  16 quokkas
  5 bats
  7 frilled lizards
  3 goblin skeletons (D:9)
  A goblin zombie (D:9)
  4 hobgoblin zombies (D:9)
  7 kobolds
  2 orc skeletons (D:9)
  15 orc zombies (D:9)
  18 rats
  7 starspawn tentacles (Abyss:2)
739 creatures vanquished.

Vanquished Creatures (collateral kills)
  An orc warrior (Orc:1)
  2 wolves (Lair:2)
  A troll zombie (D:9)
  A lava snake (Volcano)
  An orc wizard (Orc:1)
  An ogre zombie (D:9)
  3 orcs (Orc:1)
10 creatures vanquished.

Vanquished Creatures (others)
  An unseen horror (D:10)
  2 orc wizards (Orc:2)
  70 fungi
  A lurking horror (Abyss:3)
  115 plants
  9 starspawn tentacles
  7 toadstools (Lair:3)
205 creatures vanquished.

Grand Total: 954 creatures vanquished

Notes
Turn   | Place    | Note
-------+----------+-------------------------------------------
     0 | D:5      | jt the Demonspawn Delver began the quest for the Orb.
     0 | D:5      | Reached XP level 1. HP: 18/18 MP: 1/1
    64 | D:5      | Found a staircase to the Ecumenical Temple.
    70 | Temple   | Entered the Ecumenical Temple
   112 | Temple   | Became a worshipper of Uskayaw the Reveller
   152 | D:5      | Noticed a scorpion
   207 | D:4      | Reached * piety under Uskayaw
   275 | D:4      | Noticed an ogre
   279 | D:4      | Reached ** piety under Uskayaw
   280 | D:4      | Reached *** piety under Uskayaw
   281 | D:4      | Killed an ogre
   282 | D:4      | Gained mutation: You have a pair of small horns on your
                  | head. [demonic ancestry]
   282 | D:4      | Reached XP level 2. HP: 24/24 MP: 2/2
   282 | D:4      | Reached XP level 3. HP: 29/29 MP: 3/3
   282 | D:4      | Gained mutation: You may rarely emit foul miasma when
                  | damaged in melee. [demonic ancestry]
   282 | D:4      | Reached XP level 4. HP: 35/35 MP: 4/4
   454 | D:4      | Reached skill level 1 in Invocations
   530 | D:3      | Gained mutation: You are partially covered in yellow
                  | scales. (AC +2) [demonic ancestry]
   530 | D:3      | Reached XP level 5. HP: 29/41 MP: 5/5
   648 | D:3      | Found a glowing drain.
   691 | Sewer    | Entered a sewer
   815 | Sewer    | Reached skill level 2 in Invocations
  1139 | Sewer    | Reached skill level 3 in Invocations
  1139 | Sewer    | Reached XP level 6. HP: 47/47 MP: 8/8
  2091 | D:1      | Found a faded altar of an unknown god.
  3529 | D:3      | Reached skill level 4 in Invocations
  3732 | D:3      | Gained mutation: You are mostly covered in yellow scales.
                  | (AC +3) [demonic ancestry]
  3732 | D:3      | Reached XP level 7. HP: 44/52 MP: 10/10
  3732 | D:3      | Reached **** piety under Uskayaw
  4025 | D:4      | Reached skill level 1 in Armour
  5342 | D:5      | Identified the +1 robe "Egorgh" {rPois Will+ rCorr Str-2}
  6020 | D:6      | Gained mutation: You have a pair of horns on your head.
                  | [potion of mutation]
  6025 | D:6      | Noticed Sigmund
  6027 | D:6      | Reached skill level 5 in Axes
  6027 | D:6      | Reached skill level 5 in Invocations
  6027 | D:6      | Gained mutation: You sometimes emit foul miasma when
                  | damaged in melee. [demonic ancestry]
  6027 | D:6      | Reached XP level 8. HP: 39/60 MP: 11/11
  6034 | D:6      | Reached skill level 5 in Evocations
  6035 | D:6      | Reached ***** piety under Uskayaw
  6036 | D:6      | Killed Sigmund
  6674 | D:7      | Reached skill level 6 in Invocations
  7009 | D:7      | Reached skill level 5 in Fighting
  7096 | D:7      | Noticed Joseph
  7116 | D:7      | Killed Joseph
  7117 | D:7      | Reached skill level 1 in Shields
  7117 | D:7      | Reached XP level 9. HP: 37/68 MP: 13/13
  8362 | D:8      | Found Luceth's Magic Scroll Shoppe.
  8370 | D:8      | Bought a scroll of poison for 56 gold pieces
  8674 | D:9      | Noticed a kobold demonologist
  8688 | D:9      | Killed a kobold demonologist
  8696 | D:9      | Reached ****** piety under Uskayaw
  8705 | D:9      | Found a staircase to the Lair.
  8706 | D:9      | Reached XP level 10. HP: 30/77 MP: 14/14
  9376 | D:9      | Found a staircase to the Orcish Mines.
  9553 | D:9      | Reached skill level 5 in Shields
  9714 | D:9      | Noticed a two-headed ogre
  9744 | D:9      | Killed a two-headed ogre
 10351 | Lair:1   | Entered Level 1 of the Lair of Beasts
 10377 | Lair:1   | Noticed a black mamba
 10397 | Lair:1   | Killed a black mamba
 10566 | Lair:1   | Noticed a cane toad
 10577 | Lair:1   | Killed a cane toad
 10578 | Lair:1   | Reached XP level 11. HP: 55/86 MP: 15/15
 10707 | Lair:1   | Noticed a catoblepas
 10951 | D:10     | Entered Level 10 of the Dungeon
 11104 | D:10     | Noticed a two-headed ogre
 11148 | D:10     | Killed a two-headed ogre
 13421 | D:9      | HP: 2/89 [catoblepas (29)]
 13438 | D:9      | Killed a catoblepas
 14779 | Lair:1   | Noticed a boulder beetle
 14803 | Lair:1   | Killed a boulder beetle
 14804 | Lair:1   | Reached skill level 10 in Axes
 14804 | Lair:1   | Reached skill level 1 in Throwing
 15420 | Lair:2   | Mutation became permanent: You have a pair of small horns
                  | on your head. [demonic ancestry]
 15420 | Lair:2   | Gained mutation: You have a pair of horns on your head.
                  | [demonic ancestry]
 15420 | Lair:2   | Reached XP level 12. HP: 80/95 MP: 16/16
 16150 | Lair:2   | Found a hole to the Spider Nest.
 16187 | Lair:2   | Noticed a four-headed hydra
 16200 | Lair:2   | Killed a four-headed hydra
 17038 | Lair:3   | Reached skill level 10 in Shields
 17279 | Lair:3   | Found a dark tunnel.
 17370 | Volcano  | Entered a volcano
 17735 | Volcano  | Noticed a red draconian
 17763 | Volcano  | Killed a red draconian
 17768 | Volcano  | Found a burning altar of Makhleb.
 17967 | Lair:3   | Reached XP level 13. HP: 82/101 MP: 17/17
 18074 | Lair:3   | Found a staircase to the Shoals.
 18723 | Lair:3   | Found a runed translucent door.
 18767 | Lair:3   | Identified the +3 quarterstaff of Victory {flame, *Rage
                  | Int+2 Dex+7}
 19231 | Lair:4   | Found a staircase to the Slime Pits.
 19333 | Lair:4   | Noticed Rupert
 19343 | Lair:5   | Entered Level 5 of the Lair of Beasts
 19396 | Lair:5   | Reached skill level 7 in Invocations
 19947 | Lair:5   | Noticed Snorg
 19958 | Lair:5   | Reached skill level 8 in Invocations
 19959 | Lair:5   | Killed Snorg
 20386 | Lair:5   | Reached skill level 5 in Armour
 20736 | Lair:5   | Reached skill level 9 in Invocations
 20849 | Lair:5   | Reached XP level 14. HP: 50/108 MP: 21/21
 21528 | D:8      | Bought a scroll of acquirement for 728 gold pieces
 21529 | D:8      | Acquired a manual of Invocations
 21591 | Orc:1    | Entered Level 1 of the Orcish Mines
 21624 | Orc:1    | Reached skill level 10 in Invocations
 21764 | Orc:1    | Noticed an orc warlord
 21786 | Orc:1    | Killed an orc warlord
 22077 | Orc:2    | Entered Level 2 of the Orcish Mines
 22100 | Orc:2    | Noticed Nessos
 22111 | Orc:2    | Nessos changed into Nessos the cyclops
 22111 | Orc:2    | Noticed Nessos
 22187 | Orc:2    | Killed Nessos the cyclops
 22247 | Orc:2    | Found Penwuep's Assorted Antiques.
 22275 | Orc:2    | Reached skill level 11 in Invocations
 22393 | Orc:2    | Paralysed by an orc sorcerer for 4 turns
 22539 | Orc:2    | Found Beajof's Distillery.
 22574 | Orc:2    | Bought a potion of heal wounds for 65 gold pieces
 22579 | Orc:2    | Reached skill level 12 in Invocations
 22579 | Orc:2    | Gained mutation: You have a pair of large horns on your
                  | head. [demonic ancestry]
 22579 | Orc:2    | Reached XP level 15. HP: 114/114 MP: 24/24
 22599 | Orc:2    | Found Ikarph's Antique Armour Shop.
 22634 | Orc:2    | Found an ancient bone altar of Kikubaaqudgha.
 22634 | Orc:2    | Noticed Nergalle
 22645 | Orc:2    | Killed Nergalle
 22654 | Orc:2    | Found Ziowecvi's Book Boutique.
 22667 | Orc:2    | Noticed Erolcha
 22669 | Orc:2    | Found a radiant altar of Vehumet.
 22675 | Orc:2    | Killed Erolcha
 22721 | Orc:2    | Reached skill level 13 in Invocations
 22735 | Orc:2    | Found Vuehih's Magic Scroll Shop.
 22980 | Orc:2    | Found a staircase to the Elven Halls.
 23435 | D:8      | Bought a scroll of acquirement for 728 gold pieces
 23435 | D:8      | Acquired the +1 pair of boots "Hoff" {rElec rF- rN++}
 23573 | Shoals:1 | Entered Level 1 of the Shoals
 23959 | Spider:1 | Entered Level 1 of the Spider Nest
 25093 | D:12     | Reached skill level 14 in Invocations
 26415 | D:13     | Reached skill level 15 in Invocations
 27442 | D:14     | Identified the +5 short sword "Vymmig Cick" {chaos, Dex+5}
 27997 | D:14     | Gained mutation: Spells you cast may paralyse adjacent
                  | enemies. [demonic ancestry]
 27997 | D:14     | Reached XP level 16. HP: 120/120 MP: 27/27
 28083 | D:14     | Found a gate to the Vaults.
 28297 | D:14     | Found a snail-covered altar of Cheibriados.
 28444 | D:15     | Entered Level 15 of the Dungeon
 28522 | Abyss:2  | Cast into level 2 of the Abyss (a wizard)
 28555 | Abyss:2  | Noticed a tentacled starspawn
 28674 | Abyss:2  | Noticed a tentacled starspawn
 28683 | Abyss:2  | Killed a tentacled starspawn
 28684 | Abyss:2  | Reached skill level 16 in Invocations
 28818 | Abyss:2  | Reached skill level 15 in Axes
 28832 | Abyss:2  | Noticed a tentacled starspawn
 28838 | Abyss:2  | Killed a tentacled starspawn
 28961 | Abyss:2  | Noticed a tentacled starspawn
 28969 | Abyss:2  | Killed a tentacled starspawn
 28998 | Abyss:2  | Gained mutation: Your magical capacity is extremely low.
                  | (-30% MP) [a neqoxec]
 29052 | Abyss:2  | Found a corrupted altar of Lugonu.
 29068 | Abyss:2  | Found a corrupted altar of Lugonu.
 29082 | Abyss:2  | Gained mutation: You have hidden genetic defects. [a
                  | neqoxec]
 29084 | Abyss:2  | Lost mutation: You have hidden genetic defects. [a neqoxec]
 29179 | Abyss:3  | HP: 6/120 [starflower (12)]
 29432 | Abyss:3  | Reached skill level 17 in Invocations
 29462 | Abyss:3  | Noticed a profane servitor
 29479 | Abyss:3  | Killed a profane servitor
 29575 | Abyss:3  | Noticed a quicksilver dragon
 29584 | Abyss:3  | Killed a quicksilver dragon
 29602 | Abyss:3  | Noticed a tentacled starspawn
 29648 | Abyss:3  | Found an opulent altar of Gozag.
 29656 | Abyss:3  | Slain by a spatial maelstrom

Illustrated notes

Levels and vault maps discovered:
D:1:      shiori_arrival_oz, layout_basic, hellmonk_ecumenical_altar_run_dry
D:2:      minmay_general_purpose_star, layout_basic
D:3:      layout_basic, gup_sewer_entry_pipe, chequers_serial_rivers_marsh
D:4:      layout_layer_cave, kennysheep_mini, kennysheep_cross_room,
          kennysheep_potato
D:5:      kennysheep_slugbush, layout_loops_ring,
          minmay_temple_entry_sparse_star
D:6:      layout_loops_ring, serial_glass, glass_columns_c, glass_columns_b,
          glass_columns_c, uniq_sigmund
D:7:      layout_gridville, uniq_joseph
D:8:      layout_basic, serial_shops, nicolae_diamond_shop
D:9:      layout_loops_ring, due_lair_maze_entry_diamond, zombieorc2_lemuel,
          minmay_misc_feat_plants, hangedman_decor_peaks_small
D:10:     layout_long_grid, worms_lemuel
D:11:     layout_roguey, kennysheep_generic_room_11
D:12:     layout_long_grid
D:13:     layout_stronghold, minmay_misc_feat_four_crosses
D:14:     layout_loops_corners, grunt_vaults_entry_fortified, zin_angel,
          slow_altar_2
D:15:     hangedman_depths_entry_civil_slaughter, layout_long_grid,
          enter_trove_6, serial_park_tiny_pond, serial_rivers,
          chequers_serial_rivers_marsh, chequers_serial_rivers_small_b,
          chequers_serial_rivers_large_a, chequers_serial_rivers_micro_c,
          nicolae_fountain_basement, uniq_louise
Temple:   minmay_crystal_snake_temple
Lair:1:   lemuel_ratsnest, layout_misc_corridors, beast_lair_carwin_9
Lair:2:   layout_misc_corridors, hellmonk_spider_entry_not_the_bees
Lair:3:   gammafunk_lair_enchanted_lake, layout_regular_city,
          minmay_shoals_entry_lonely_mermaid, nicolae_volcano_entry_s_turn,
          beast_lair_carwin_6, grunt_megastairs_5
Lair:4:   layout_regular_city, dpeg_slime_entry_corner, minmay_hedge_maze,
          uniq_rupert
Lair:5:   hangedman_lair_tendril_chambers, layout_cave_pods,
          guppyfry_lair_end_dragon, uniq_snorg
Shoals:1: layout_shoals, nicolae_shoals_hidden_pirate_stash, uniq_jorgrun
Spider:1: layout_chambers
Orc:1:    layout_caves
Orc:2:    kennysheep_orc_mage_school, layout_diamond_mine, serial_shops,
          nicolae_shop_competitors_out_of_business, uniq_nessos
Abyss:3:  base: Lair:5, minivault_28, spicy_abyss_helpful_harpoons,
          evilmike_nicolae_abyss_rune_containment_curve,
          evilmike_nicolae_abyss_rune_containment_curve

Skill      XL: |  1  2  3  4  5  6  7  8  9 10 11 12 13 14 15 16 |
---------------+-------------------------------------------------+-----
Axes           | 3 4 5 6 7 8 10 12 13 14 15 | 15.3
Evocations     | 2 3 4 6 7 |  7.9
Invocations    | 1 3 4 5 6 9 12 15 17 | 17.4
Dodging        | 2 3 |  3.9
Armour         | 1 3 5 6 8 |  8.0
Fighting       | 5 6 8 9 |  9.4
Shields        | 1 3 5 8 10 12 13 14 | 14.2
Throwing       | 2 |  2.0
Stealth        | |  4.5

Action                   |  1- 3 |  4- 6 |  7- 9 | 10-12 | 13-15 | 16-18 || total
-------------------------+-------+-------+-------+-------+-------+-------++-------
Melee: Hand axe          |    12 |   194 |   284 |   117 |       |       ||   607
       Headbutt          |       |    48 |    57 |   171 |   189 |    82 ||   547
       Punch             |       |     4 |     2 |     5 |       |       ||    11
       Whip              |       |   152 |     3 |    65 |       |       ||   220
       War axe           |       |       |       |   465 |   118 |       ||   583
       Broad axe         |       |       |       |       |   684 |   283 ||   967
       Spear             |       |       |       |       |    45 |       ||    45
 Fire: Sling             |       |       |       |    11 |       |       ||    11
Throw: Stone             |       |     3 |       |    10 |       |       ||    13
       Dart              |       |     1 |     9 |    82 |    44 |    16 ||   152
       Boomerang         |       |       |       |    35 |       |       ||    35
       Javelin           |       |       |       |       |       |     1 ||     1
Invok: Grand Finale      |       |       |     1 |       |     4 |     1 ||     6
       Stomp             |       |       |       |     1 |       |       ||     1
       Line Pass         |       |       |       |     1 |     1 |     1 ||     3
Evoke: Wand              |     3 |       |       |     8 |     3 |    12 ||    26
       Box of beasts     |       |     1 |       |     3 |     1 |     1 ||     6
       Piece from Xom's  |       |       |       |       |     1 |       ||     1
       Phantom mirror    |       |       |       |       |       |     1 ||     1
  Use: Potion            |     1 |     4 |     4 |    13 |     2 |    10 ||    34
       Scroll            |     1 |     1 |     7 |    15 |     9 |     8 ||    41
 Stab: Paralysed         |     1 |     3 |    16 |    55 |    98 |    36 ||   209
       Sleeping          |       |     2 |     6 |     1 |     2 |       ||    11
       Distracted        |       |       |       |     1 |       |     1 ||     2
       Invisible         |       |       |       |     1 |       |       ||     1
       Petrified         |       |       |       |       |     3 |       ||     3
       Confused          |       |       |       |       |       |     1 ||     1
Armor: Scale mail        |       |   172 |    41 |       |       |       ||   213
       Leather armour    |       |     2 |       |       |       |       ||     2
       Robe              |       |       |    60 |   124 |     6 |       ||   190
       Acid dragon scale |       |       |    27 |    33 |       |       ||    60
       Chain mail        |       |       |       |    18 |   207 |    98 ||   323
       Skin              |       |       |       |    11 |       |       ||    11
       Troll leather arm |       |       |       |       |    64 |       ||    64
Dodge: Dodged            |     7 |   158 |   224 |   253 |   172 |    56 ||   870
Block: Kite shield       |       |       |       |   369 |   681 |   205 ||  1255
       Reflection        |       |       |       |    11 |    36 |     2 ||    49

Table legend: (Time is in decaauts)
 A = Elapsed time spent in this place.
 B = Non-inter-level travel time spent in this place.
 C = Inter-level travel time spent in this place.
 D = Time resting spent in this place.
 E = Time spent auto-exploring this place.
 F = Levels seen in this place.
 G = Mean time per level.
                   A        B        C        D        E       F      G
               +--------+--------+--------+--------+--------+-----+--------+
         Total |  29857 |  28411 |   1446 |   8736 |  11048 |  29 | 1029.6 |
       Dungeon |  17359 |  16488 |    871 |   4317 |   7793 |  15 | 1157.3 |
        Temple |     76 |     43 |     33 |      0 |      0 |   1 |   76.0 |
          Lair |   8203 |   7871 |    332 |   3293 |   2440 |   5 | 1640.6 |
        Shoals |    202 |    191 |     11 |    108 |      0 |   1 |  202.0 |
   Spider Nest |      4 |      4 |      0 |      0 |      0 |   1 |    4.0 |
  Orcish Mines |   1787 |   1590 |    197 |    190 |    750 |   2 |  893.5 |
         Abyss |   1127 |   1127 |      0 |    402 |      0 |   2 |  563.5 |
         Sewer |    552 |    552 |      0 |    159 |     64 |   1 |  552.0 |
       Volcano |    542 |    542 |      0 |    266 |      0 |   1 |  542.0 |
               +--------+--------+--------+--------+--------+-----+--------+

Top non-repeatable levels by time:
  Lair:1: 2266 daAuts
     D:9: 2259 daAuts
  Lair:5: 2053 daAuts
  Lair:3: 1849 daAuts
  Lair:2: 1815 daAuts
    D:10: 1788 daAuts
    D:14: 1608 daAuts
    D:13: 1398 daAuts
     D:3: 1288 daAuts
     D:4: 1222 daAuts
   Orc:2: 1198 daAuts
     D:7: 1160 daAuts
     D:8: 1149 daAuts
     D:2: 982 daAuts
    D:11: 972 daAuts
